 Dungeon Crawl Stone Soup version 0.17-a0-1949-g1acca9a (webtiles) character file.

71 Kusio the Cudgeler (level 4, 0/44 HPs)
             Began as an Ogre Assassin on Oct 2, 2015.
             Succumbed to an adder's poison
             ... on level 2 of the Dungeon.
             The game lasted 00:03:55 (938 turns).

Kusio the Cudgeler (Ogre Assassin)                   Turns: 938, Time: 00:03:55

Health: 0/44       AC:  4    Str: 16 (17) XL:     4   Next: 24%
Magic:  4/4        EV: 14    Int: 10      God:
Gold:   39         SH:  0    Dex: 16      Spells: 0 memorised, 3 levels left

rFire  . . .     SeeInvis .     l - +0 club
rCold  . . .     Clarity  .     c - +0 robe
rNeg   . . .     SustAt   +     (no shield)
rPois  .         Gourm    .     (helmet restricted)
rElec  .         Spirit   .     d - +0 cloak
rCorr  .         Warding  .     (gloves unavailable)
rMut   .         Rnd*Tele +     (boots unavailable)
MR     .....                    (no amulet)
Stlth  +++.......               n - ring of teleportation (curse)
                                i - ring of sustain attributes

@: agile, lethally poisoned (0 -> -7), not resistant to hostile enchantments,
fairly stealthy
A: unfitting armour, tough skin 1
a: Evoke Teleportation


You were on level 2 of the Dungeon.
You were not hungry.

You visited 1 branch of the dungeon, and saw 2 of its levels.

You collected 39 gold pieces.

Inventory:

Hand weapons
 a - a +2 dagger
 b - a +0 blowgun
 l - a +0 club (weapon)
Missiles
 e - 7 poisoned needles
 f - 2 curare-tipped needles
Armour
 c - a +0 robe (worn)
 d - a +0 cloak (worn)
Jewellery
 i - a ring of sustain attributes (left hand)
 j - an uncursed ring of fire
 n - a cursed ring of teleportation (right hand)
Scrolls
 p - a scroll of remove curse {unknown}
 q - a scroll of recharging {unknown}
 r - a scroll of noise {unknown}
 s - 2 scrolls of teleportation {unknown}
Potions
 h - a potion of agility
Comestibles
 g - 2 bread rations
 m - 2 fruits
 o - 2 meat rations
 t - a chunk of flesh


   Skills:
 - Level 2.6 Fighting
 - Level 1.2 Short Blades
 + Level 4.0 Maces & Flails
 - Level 3.1 Throwing
 - Level 0.8 Dodging
 - Level 3.2 Stealth


You had 3 spell levels left.
You didn't know any spells.

Dungeon Overview and Level Annotations

Branches:
Dungeon (2/15)

Altars:
Ru


Innate Abilities, Weirdness & Mutations

You are too large for most types of armour.
You have tough skin (AC +1).


Message History

Drink which item? (? for menu, Esc to quit)
It was a potion of cure mutation.
It has a very clean taste.
* * * LOW HITPOINT WARNING * * *
You feel sick.
* * * LOW HITPOINT WARNING * * *
You feel sick.
You see here an adder corpse.
* * * LOW HITPOINT WARNING * * *
You feel sick.
You see here a poisoned needle.
* * * LOW HITPOINT WARNING * * *
You feel sick.
You see here a scroll labeled DUDIDGHEQITT.
* * * LOW HITPOINT WARNING * * *
You feel sick.
You see here a poisoned needle.
* * * LOW HITPOINT WARNING * * *
You feel sick.
You see here a scroll labeled DUDIDGHEQITT.
You die...

#....... .# #.#..
#......## .###.#..≈
#.......###..#.#...≈
##....#.##...>..#..≈
#....#..#.......#..
#....##..........##
#....####..........
#.†................
#?@................
#..................
#..................
#####.#...##..##...
#.###.......#.# #$#
#...###..## #....
##.## #.#.. #..#
#.###..###..


There were no monsters in sight!

Vanquished Creatures
  3 gnolls (D:2)
  An adder (D:2)
  2 oozes (D:1)
  2 giant geckos
  A ball python (D:1)
  2 bats
  3 giant cockroaches (D:1)
  3 hobgoblins
  2 kobolds (D:1)
  A goblin (D:2)
  2 rats (D:1)
22 creatures vanquished.

Notes
Turn   | Place    | Note
--------------------------------------------------------------
     0 | D:1      | Kusio the Ogre Assassin began the quest for the Orb.
     0 | D:1      | Reached XP level 1. HP: 22/22 MP: 1/1
    56 | D:1      | Reached XP level 2. HP: 29/29 MP: 2/2
   304 | D:1      | Reached skill level 1 in Maces & Flails
   524 | D:1      | Reached XP level 3. HP: 27/36 MP: 3/3
   811 | D:2      | Reached XP level 4. HP: 29/44 MP: 4/4
   820 | D:2      | Found a sacrificial altar of Ru.
   929 | D:2      | Reached skill level 4 in Maces & Flails
   935 | D:2      | HP: 2/44 [poisoned by an adder]
   938 | D:2      | Succumbed to an adder's poison

Vault maps used:
D:1:      eino_arrival_cavern_d
D:2:      nicolae_ru_awakened_eye, minivault_26

Action                   |  1- 3 |  4- 6 || total
-------------------------+-------+-------++-------
Melee: Dagger            |    23 |       ||    23
       Club              |    60 |    17 ||    77
 Fire: Blowgun           |    10 |     1 ||    11
  Use: Potion            |       |     3 ||     3
